 Dungeon Crawl Stone Soup version 0.32-a0-799-g95e1662365 (webtiles) character file.

Game seed: 2531594115238718472

1087 Swippen the Shield-Bearer (level 8, -1/67 HPs)
             Began as a Gnoll Fighter on Mar 21, 2024.
             Incinerated by a bombardier beetle (3 damage)
             ... with a burning spray
             ... on level 5 of the Dungeon.
             The game lasted 00:10:46 (4619 turns).

Swippen the Shield-Bearer (Gnoll Fighter)           Turns: 4619, Time: 00:10:46

Health: -1/67      AC: 10    Str: 19    XL:     8   Next: 30%
Magic:  12/12      EV:  9    Int:  7    God:
Gold:   55         SH:  5    Dex: 11    Spells: 13/13 levels left

rFire   . .          .
                       - Unarmed
rCold   . . .        c - +0 buckler
rNeg    . . .        b - +0 scale mail
rPois   +            d - +0 helmet
rElec   .            (no cloak)
rCorr   .            (no gloves)
SInv    .            o - +0 pair of boots
Will    .....        (no amulet)
Stlth   +            i - ring of poison resistance
HPRegen 0.31/turn    (no ring)
MPRegen 0.13/turn

%: no passive effects
@: on fire, glowing
A: fangs 1, strong nose, distributed training
a: no special abilities


You were on level 5 of the Dungeon.
You visited 2 branches of the dungeon, and saw 6 of its levels.

You collected 221 gold pieces.
You spent 166 gold pieces at shops.

Inventory:

Hand Weapons
 t - a +2 hand axe of flaming
Missiles
 u - 4 javelins (quivered)
 v - 6 datura-tipped darts
 x - 6 poisoned darts
Armour
 b - a +0 scale mail (worn)
 c - a +0 buckler (worn)
 d - a +0 helmet (worn)
 o - a +0 pair of boots (worn)
Jewellery
 i - a ring of poison resistance (left hand)
 y - a ring of willpower
 B - an amulet of the acrobat
Talismans
 m - a blade talisman
Wands
 D - a wand of charming (4)
Scrolls
 a - 2 scrolls of vulnerability {unknown}
 f - 8 scrolls of teleportation
 g - 4 scrolls of amnesia {unknown}
 k - 2 scrolls of torment {unknown}
 l - a scroll of enchant weapon {unknown}
 n - a scroll of poison {unknown}
 p - 2 scrolls of revelation {unknown}
 q - 2 scrolls of noise
 A - 2 scrolls of fear {unknown}
 C - a scroll of blinking {unknown}
Potions
 h - 2 potions of resistance
 j - 2 potions of haste
 r - a potion of cancellation
 s - a potion of brilliance
 w - 3 potions of mutation
 z - 2 potions of enlightenment
 E - a potion of invisibility {unknown}


   Skills:
 + Level 7.4 Fighting
 + Level 3.2 Short Blades
 + Level 3.2 Long Blades
 + Level 5.7 Axes
 + Level 3.2 Maces & Flails
 + Level 3.2 Polearms
 + Level 3.2 Staves
 + Level 3.2 Ranged Weapons
 + Level 3.2 Throwing
 + Level 7.4 Armour
 + Level 3.2 Dodging
 + Level 3.2 Stealth
 + Level 7.4 Shields
 + Level 3.2 Unarmed Combat
 + Level 3.2 Spellcasting
 + Level 2.6 Conjurations
 + Level 2.6 Hexes
 + Level 2.6 Summonings
 + Level 2.6 Necromancy
 + Level 2.6 Translocations
 + Level 2.6 Fire Magic
 + Level 2.6 Ice Magic
 + Level 2.6 Air Magic
 + Level 2.6 Earth Magic
 + Level 2.6 Alchemy
 + Level 3.6 Invocations
 + Level 3.2 Evocations
 + Level 3.0 Shapeshifting


You had 13 spell levels left.
You didn't know any spells.
Your spell library contained the following spells:

 Spells                   Type           Power      Damage    Failure   Level
 Call Imp                 Summ           8%         N/A       50%         2
 Sublimation of Blood     Necr           4%         N/A       50%         2
 Summon Hydra             Summ           2%         N/A       100%        7


Dungeon Overview and Level Annotations

Branches:
Dungeon (5/15)             Temple (1/1) D:4

Altars:
Cheibriados
Dithmenos
Elyvilon
Gozag
Hepliaklqana
Kikubaaqudgha
Nemelex Xobeh
Okawaru
Qazlal
Vehumet
Wu Jian
Yredelemnul
The Shining One

Shops:
D:1 *   D:5 (!:


Innate Abilities, Weirdness & Mutations

You have very sharp teeth.
Your uncanny sense of smell can sniff out nearby items.
Your experience applies equally to all skills.


Message History

You are covered in liquid fire!
You closely miss the bombardier beetle.
The bombardier beetle is severely wounded.
The liquid fire burns you! The orc hits you with a +0 hand axe.
The orc hits you with a +0 falchion.
You hit the bombardier beetle.
You kill the bombardier beetle!
The liquid fire burns you! The orc hits you but does no damage.
You block the orc's attack.
Your Shapeshifting skill increases to level 3!
You hit the orc.
The orc is heavily wounded.
The liquid fire burns you!
* * * LOW HITPOINT WARNING * * *
You block the orc's attack. The orc hits you but does no damage.
You hit the orc.
You kill the orc!
The liquid fire burns you!
* * * LOW HITPOINT WARNING * * *
The orc hits you but does no damage.
You hit the orc.
The orc is moderately wounded.
The liquid fire burns you!
* * * LOW HITPOINT WARNING * * *
The orc completely misses you.
You feel better. The liquid fire burns you!
* * * LOW HITPOINT WARNING * * *
The orc hits you but does no damage.
You hit the orc.
The orc is severely wounded.
The liquid fire burns you!
* * * LOW HITPOINT WARNING * * *
The orc closely misses you.
Okay, then.
Okay, then.
You punch the orc!
You kill the orc!
The liquid fire burns you!
You die...

#####.###.......(.#
#. #.# #.......###
#. #.# ####.#### #.
#######.# #+## #.
#.......# #...#
###. #.#######
#..... #... #.##.##
#...... #..#
#.#...####)......
####...
##........@)......
+......
##.#....####)......
∆####... ##.###..##
#...... #..# #.##
##.# #..... #...
##.###..# #...#
#### ##.#.#.# #+##
##.##.# ##.#####
####.# #......# #.#
#..###.#


There were no monsters in sight!

Vanquished Creatures
  The ghost of denf the Shield-Bearer, an amateur MDFi (D:3)
  An ogre (D:3)
  2 centaurs (D:5)
  2 phantoms
  A bombardier beetle (D:5)
  2 jellies
  3 hounds (D:5)
  2 orc priests
  2 sleepcaps (D:5)
  A gnoll bouda (D:5)
  An iguana (D:4)
  3 gnolls (D:5)
  6 adders
  A shadow imp (D:5)
  4 ribbon worms
  3 dart slugs
  7 orcs
  5 ball pythons
  9 endoplasms
  5 giant cockroaches
  13 goblins
  9 hobgoblins
  3 jackals (D:2)
  5 quokkas
  5 bats
  5 frilled lizards
  9 kobolds
  6 rats
116 creatures vanquished.

Notes
Turn   | Place    | Note
-------+----------+-------------------------------------------
     0 | D:1      | Swippen the Gnoll Fighter began the quest for the Orb.
     0 | D:1      | Reached XP level 1. HP: 23/23 MP: 1/1
    84 | D:1      | Reached XP level 2. HP: 29/29 MP: 2/2
   345 | D:1      | Reached XP level 3. HP: 27/35 MP: 3/3
   672 | D:1      | Reached skill level 1 in Invocations
   766 | D:1      | Found Hib Abe's General Store.
   769 | D:1      | Bought a scroll of teleportation for 30 gold pieces
   943 | D:2      | Reached skill level 1 in Short Blades
   943 | D:2      | Reached skill level 1 in Long Blades
   943 | D:2      | Reached skill level 1 in Maces & Flails
   943 | D:2      | Reached skill level 1 in Polearms
   943 | D:2      | Reached skill level 1 in Staves
   943 | D:2      | Reached skill level 1 in Ranged Weapons
   943 | D:2      | Reached skill level 1 in Throwing
   943 | D:2      | Reached skill level 1 in Dodging
   943 | D:2      | Reached skill level 1 in Stealth
   943 | D:2      | Reached skill level 1 in Unarmed Combat
   943 | D:2      | Reached skill level 1 in Spellcasting
   943 | D:2      | Reached skill level 1 in Evocations
  1086 | D:2      | Found a faded altar of an unknown god.
  1274 | D:2      | Reached skill level 1 in Shapeshifting
  1274 | D:2      | Reached XP level 4. HP: 41/41 MP: 5/5
  1681 | D:2      | Reached skill level 1 in Conjurations
  1681 | D:2      | Reached skill level 1 in Hexes
  1681 | D:2      | Reached skill level 1 in Summonings
  1681 | D:2      | Reached skill level 1 in Necromancy
  1681 | D:2      | Reached skill level 1 in Translocations
  1681 | D:2      | Reached skill level 1 in Fire Magic
  1681 | D:2      | Reached skill level 1 in Ice Magic
  1681 | D:2      | Reached skill level 1 in Air Magic
  1681 | D:2      | Reached skill level 1 in Earth Magic
  1681 | D:2      | Reached skill level 1 in Alchemy
  2077 | D:3      | Found a runed translucent door.
  2077 | D:3      | Noticed denf's ghost (amateur MDFi)
  2088 | D:3      | Killed denf's ghost
  2089 | D:3      | Reached XP level 5. HP: 13/47 MP: 5/7
  2089 | D:3      | Reached XP level 6. HP: 15/53 MP: 5/8
  2756 | D:3      | Found a sparkling altar of Nemelex Xobeh.
  2972 | D:3      | Reached skill level 5 in Axes
  3143 | D:4      | Reached XP level 7. HP: 58/60 MP: 10/10
  3212 | D:4      | Found a staircase to the Ecumenical Temple.
  3219 | Temple   | Entered the Ecumenical Temple
  3746 | D:1      | Bought a potion of resistance for 100 gold pieces
  3823 | D:5      | Entered Level 5 of the Dungeon
  3994 | D:5      | Found Xomivaec's Distillery.
  4017 | D:5      | Bought a potion of curing for 36 gold pieces
  4023 | D:5      | Found Coremm's Antique Weapon Shop.
  4129 | D:5      | Found Beodd's Book Shoppe.
  4208 | D:5      | Reached XP level 8. HP: 60/67 MP: 12/12
  4616 | D:5      | HP: 3/67 [burnt (6)]
  4619 | D:5      | Incinerated by a bombardier beetle

Illustrated notes

Levels and vault maps discovered:
D:1:      saegor_arrival_simple_c, layout_loops_cross, serial_shops,
          nicolae_shop_real_fake_doors, serial_forest, infiniplex_forest_end_3,
          infiniplex_forest_fountain, infiniplex_forest_clump_large,
          infiniplex_forest_end_2, infiniplex_forest_clump_double,
          infiniplex_forest_straight_2, infiniplex_forest_clump_long,
          infiniplex_forest_straight_1, infiniplex_forest_straight_3,
          infiniplex_forest_end_1, minmay_tetromino_l4
D:2:      layout_basic, shapermc_ecumenical_altar_venn, kennysheep_nondescript
D:3:      layout_basic, mainiacjoe_overflow_24_doors,
          ebering_ghost_reflecting_pool, serial_rivers,
          chequers_serial_rivers_micro_c, chequers_serial_rivers_micro_a,
          chequers_serial_rivers_micro_d, chequers_serial_rivers_large_a,
          chequers_serial_rivers_marsh, st_stairs_2, minmay_ogre_servants
D:4:      layout_cave_pools, temple_green, dreamdust_princess_corridor
D:5:      layout_loops_corners, serial_shops, nicolae_diamond_shop, shop, shop
Temple:   nicolae_temple_hex_pool

Skill      XL: |  1  2  3  4  5  6  7  8 |
---------------+-------------------------+-----
Invocations    | 1 2 3 |  3.6
Short Blades   | 1 2 3 |  3.2
Long Blades    | 1 2 3 |  3.2
Maces & Flails | 1 2 3 |  3.2
Polearms       | 1 2 3 |  3.2
Staves         | 1 2 3 |  3.2
Ranged Weapons | 1 2 3 |  3.2
Throwing       | 1 2 3 |  3.2
Dodging        | 1 2 3 |  3.2
Stealth        | 1 2 3 |  3.2
Unarmed Combat | 1 2 3 |  3.2
Spellcasting   | 1 2 3 |  3.2
Evocations     | 1 2 3 |  3.2
Shapeshifting  | 1 2 3 |  3.0
Conjurations   | 1 2 |  2.6
Hexes          | 1 2 |  2.6
Summonings     | 1 2 |  2.6
Necromancy     | 1 2 |  2.6
Translocations | 1 2 |  2.6
Fire Magic     | 1 2 |  2.6
Ice Magic      | 1 2 |  2.6
Air Magic      | 1 2 |  2.6
Earth Magic    | 1 2 |  2.6
Alchemy        | 1 2 |  2.6
Axes           | 5 |  5.7
Fighting       | 7 |  7.4
Armour         | 7 |  7.4
Shields        | 7 |  7.4

Action                     |  1- 3 |  4- 6 |  7- 9 || total
---------------------------+-------+-------+-------++-------
  Melee: War axe           |   113 |    43 |       ||   156
         Bite              |    12 |    13 |    28 ||    53
         Hand axe          |       |    67 |    69 ||   136
         Unarmed           |       |       |    67 ||    67
    Use: Potion            |       |     1 |     1 ||     2
         Scroll            |       |       |     6 ||     6
 Armour: Scale mail        |    65 |    66 |   106 ||   237
  Dodge: Dodged            |    36 |    38 |    61 ||   135
  Block: Buckler           |    33 |    15 |    44 ||    92

Table legend: (Time is in decaauts)
 A = Elapsed time spent in this place.
 B = Non-inter-level travel time spent in this place.
 C = Inter-level travel time spent in this place.
 D = Time resting spent in this place.
 E = Time spent auto-exploring this place.
 F = Levels seen in this place.
 G = Mean time per level.
                   A        B        C        D        E       F      G
               +--------+--------+--------+--------+--------+-----+--------+
         Total |   4682 |   4318 |    364 |    126 |   3385 |   6 |  780.3 |
       Dungeon |   4620 |   4316 |    304 |    126 |   3385 |   5 |  924.0 |
        Temple |     61 |      1 |     60 |      0 |      0 |   1 |   61.0 |
               +--------+--------+--------+--------+--------+-----+--------+

Top non-repeatable levels by time:
     D:3: 1222 daAuts
     D:2: 1018 daAuts
     D:1: 1006 daAuts
     D:5: 796 daAuts
     D:4: 577 daAuts
  Temple: 61 daAuts
